 Dungeon Crawl Stone Soup version 0.23.2-40-g277498a001 (webtiles) character file.

Game seed: 7281341797678071064

11579 BreadTh the Geomancer (level 11, -24/85 HPs)
             Began as a Demigod Earth Elementalist on Aug 30, 2019.
             Shot with a bolt by a yaktaur captain (37 damage)
             ... on level 11 of the Dungeon.
             The game lasted 01:00:13 (14957 turns).

BreadTh the Geomancer (Demigod Earth Elementalist) Turns: 14957, Time: 01:00:13

Health: -24/85     AC: 10    Str: 15    XL:     11   Next: 27%
Magic:  32/52      EV: 15    Int: 19    God:
Gold:   134        SH:  0    Dex: 22    Spells: 19/28 levels left

rFire    . . .     SeeInvis +   H - staff of power
rCold    . . .     Gourm    .   (no shield)
rNeg     + . .     Faith    .   P - +0 robe of Cuakufopp {rN+ Str+4}
rPois    .         Spirit   .   O - +2 helmet {SInv}
rElec    .         Reflect  .   F - +0 cloak
rCorr    .         Harm     .   i - +0 pair of gloves
MR       +....                  (no boots)
Stlth    +++.......             x - amulet of magic regeneration
HPRegen  0.24/turn              t - +3 ring of protection
MPRegen  0.58/turn              a - ring of magical power

@: no status effects
A: high mp 1
a: no special abilities


You were on level 11 of the Dungeon.
You were hungry.

You visited 1 branch of the dungeon, and saw 11 of its levels.

You collected 759 gold pieces.
You spent 625 gold pieces at shops.

Inventory:

Hand Weapons
 u - a +1 halberd
 K - a +8 quarterstaff of chaos
Missiles
 b - 234 stones (quivered)
 r - 5 javelins
Armour
 i - a +0 pair of gloves (worn)
 l - a +0 shield
 y - the +0 robe "Vagysmak" {MR++ Int-4}
   (You bought it in a shop on level 9 of the Dungeon)

   It affects your intelligence (-4).
   It affects your resistance to hostile enchantments.
 F - a +0 cloak (worn)
 M - a +2 leather armour of cold resistance
 O - a +2 helmet of see invisible (worn)
 P - the +0 robe of Cuakufopp (worn) {rN+ Str+4}
   (You found it on level 10 of the Dungeon)

   It affects your strength (+4).
   It protects you from negative energy.
Magical Staves
 H - an uncursed staff of power (weapon)
 N - an uncursed staff of poison
Jewellery
 a - a ring of magical power (right hand)
 t - a +3 ring of protection (left hand)
 x - an amulet of magic regeneration (around neck)
Wands
 w - a wand of random effects (61)
 A - a wand of paralysis (13)
 G - a wand of digging (6)
Scrolls
 c - 2 scrolls of immolation
 k - 3 scrolls of random uselessness {unknown}
 m - 8 scrolls of teleportation
 n - 3 scrolls of remove curse
 q - 3 scrolls of enchant armour
 z - 2 scrolls of fog {unknown}
 D - 2 scrolls of noise {unknown}
 E - 3 scrolls of magic mapping {unknown}
 L - 3 scrolls of blinking {unknown}
 R - a scroll of amnesia {unknown}
Potions
 e - 3 potions of might
 g - a potion of degeneration
 h - a potion of resistance
 j - 3 potions of flight
 o - a potion of haste
 p - 2 potions of mutation
 s - a potion of ambrosia
 v - a potion of brilliance
 B - 2 potions of lignification
 C - 5 potions of curing
 I - a potion of agility
 J - 2 potions of magic {unknown}
Miscellaneous
 f - a phial of floods
Comestibles
 d - 16 rations
 Q - 8 chunks of flesh


   Skills:
 + Level 4.5 Fighting
 + Level 4.4 Dodging
 + Level 4.7 Stealth
 - Level 9.0 Spellcasting
 + Level 3.4 Conjurations
   Level 0.8 Transmutations
 * Level 11.4 Earth Magic


You had 19 spell levels left.
You knew the following spells:

 Your Spells              Type           Power        Failure   Level  Hunger
a - Sandblast             Erth           ######       1%          1    None
b - Stone Arrow           Conj/Erth      #####.       1%          3    None
c - Lee's Rapid Deconstr  Erth           ######....   1%          5    #####..

Your spell library contained the following spells:

 Spells                   Type           Power        Failure   Level  Hunger
 Passwall                 Tmut/Erth      ####....     1%          2    None
 Beastly Appendage        Tmut           ##....       6%          1    None
 Petrify                  Tmut/Erth      ####....     7%          4    ###....
 Sticks to Snakes         Tmut           ##......     9%          2    None
 Spider Form              Tmut/Pois      ##........   21%         3    None
 Ice Form                 Ice/Tmut       ##......     56%         4    ###....
 Blade Hands              Tmut           ##........   85%         5    #####..


Dungeon Overview and Level Annotations

Branches:
Dungeon (11/15)            Temple (0/1) D:7            Lair (0/6) D:10
    Orc (0/2) D:11

Shops:
D:5 }   D:6 *   D:9 [[=%

Annotations:
D:3 ice beast


Innate Abilities, Weirdness & Mutations

You have an increased reservoir of magic. (+10% MP)


Message History

You hear a shout!
The tengu reaver casts a spell.
The tengu reaver conjures a globe of magical energy!
A battlesphere comes into view.
Casting: Lee's Rapid Deconstruction (safe; 2% risk of failure)
Confirm with . or Enter, or press ? or * to list all spells.
Aiming: Lee's Rapid Deconstruction (safe; 2% risk of failure)
Press: ? - help, Dir - move target cursor A crystal wall.
The crystal wall shatters!
The blast of crystal shards hits the yaktaur captain!!
The yaktaur captain is severely wounded.
You feel a bit more experienced.
The blast of crystal shards hits the tengu reaver!!
You kill the tengu reaver!
The battlesphere dissipates.
You are feeling hungry.
The yaktaur captain wields a +0 arbalest.
The yaktaur captain shoots a bolt.
The bolt hits you!!!
You die...

#...# #.# #. .######.#
#. ....)..)######.
..........^....
...............
####..####...## #####
#..# #...# #c.)## #..#
#...# #.###@# #..# #...#
#. #☼#####..# #...## #c
#.#......####..... .#
##.#............... ##
#.##...............
##..###...####.######..#
#.........# #.# #..#
#.........# #.# #^.#
#.........# #.# #..#


You could see a yaktaur captain.

Vanquished Creatures
  A tengu reaver (D:11)
  Erolcha (D:11)
  2 two-headed ogres
  A cyclops (D:11)
  An ugly thing (D:8)
  A troll (D:11)
  2 hornets (D:8)
  4 hippogriffs
  Sigmund (D:2)
  7 yaks
  2 hungry ghosts (D:10)
  Menkaure (D:7)
  Edmund (D:5)
  A water moccasin (D:7)
  An ice beast (D:10)
  3 sky beasts
  2 orc warriors
  4 centaurs
  8 ogres
  A crocodile (D:10)
  A big kobold (D:7)
  4 bullfrogs
  A scorpion (D:6)
  6 killer bees (D:10)
  7 wights
  7 howler monkeys
  3 crimson imps
  4 jellies
  A bullfrog zombie (D:10)
  3 bullfrog skeletons
  7 hounds
  An orc priest (D:4)
  Crazy Yiuf (D:2)
  5 orc wizards
  A centaur skeleton (D:11)
  2 iguanas
  Terence (D:2)
  6 worker ants
  A killer bee zombie (D:8)
  A hound zombie (D:5)
  A hound skeleton (D:8)
  3 worker ant zombies
  8 gnolls
  17 adders
  2 shadow imps
  An ooze (D:2)
  3 adder skeletons
  An adder zombie (D:8)
  9 worms
  A dart slug (D:1)
  11 leopard geckos
  24 orcs
  2 ball pythons
  10 bats
  9 giant cockroaches
  12 goblins
  9 hobgoblins
  11 jackals
  15 kobolds
  7 quokkas
  6 frilled lizards
  14 rats
  A fungus (D:2)
285 creatures vanquished.

Vanquished Creatures (others)
  18 plants (D:10)
18 creatures vanquished.

Grand Total: 303 creatures vanquished

Notes
Turn   | Place    | Note
-------+----------+-------------------------------------------
     0 | D:1      | BreadTh the Demigod Earth Elementalist began the quest for
                  | the Orb.
     0 | D:1      | Reached XP level 1. HP: 14/14 MP: 5/5
   395 | D:1      | Reached XP level 2. HP: 11/22 MP: 5/7
   617 | D:1      | Reached skill level 3 in Earth Magic
   638 | D:1      | Reached skill level 1 in Fighting
  1207 | D:1      | Reached XP level 3. HP: 28/28 MP: 8/8
  1555 | D:2      | Noticed Sigmund
  1653 | D:2      | Noticed Terence
  2005 | D:3      | Reached XP level 4. HP: 36/36 MP: 7/9
  2374 | D:3      | Reached skill level 4 in Earth Magic
  2939 | D:3      | Reached XP level 5. HP: 38/41 MP: 7/10
  3039 | D:3      | Noticed an ice beast
  3167 | D:2      | Killed Terence
  3334 | D:2      | Reached skill level 5 in Earth Magic
  3859 | D:3      | Learned a level 3 spell: Stone Arrow
  4077 | D:3      | Found a glowing golden altar of the Shining One.
  4624 | D:5      | Entered Level 5 of the Dungeon
  4627 | D:5      | Noticed Edmund
  4637 | D:5      | Reached XP level 6. HP: 14/48 MP: 7/11
  4672 | D:6      | Reached skill level 6 in Earth Magic
  4919 | D:6      | Found a sacrificial altar of Ru.
  4928 | D:6      | Reached skill level 7 in Earth Magic
  5070 | D:6      | Found Tierufaji's General Store.
  5075 | D:6      | Bought a scroll of identify for 22 gold pieces
  5108 | D:6      | Reached XP level 7. HP: 46/55 MP: 13/13
  5474 | D:6      | Found a white marble altar of Elyvilon.
  5684 | D:5      | Killed Edmund
  5781 | D:5      | Reached skill level 8 in Earth Magic
  5975 | D:5      | Found Jusafomum's Gadget Emporium.
  6818 | D:5      | Reached skill level 9 in Earth Magic
  6964 | D:4      | Reached XP level 8. HP: 48/61 MP: 14/14
  7155 | D:4      | Found a shimmering altar of Xom.
  7795 | D:2      | Killed Sigmund
  7916 | D:2      | Found a runed translucent door.
  7917 | D:2      | Noticed Crazy Yiuf
  7923 | D:2      | Killed Crazy Yiuf
  8746 | D:2      | Found a shattered altar of Ashenzari.
  9135 | D:7      | Reached skill level 10 in Earth Magic
  9136 | D:7      | Noticed a hippogriff
  9143 | D:7      | Noticed Menkaure
  9327 | D:7      | Noticed a hippogriff
  9453 | D:7      | Killed a hippogriff
  9460 | D:7      | Killed a hippogriff
  9463 | D:7      | Noticed a hippogriff
  9634 | D:6      | Learned a level 5 spell: Lee's Rapid Deconstruction
  9644 | D:6      | Killed a hippogriff
  9753 | D:7      | Killed Menkaure
  9753 | D:7      | Reached skill level 5 in Spellcasting
  9753 | D:7      | Reached XP level 9. HP: 67/67 MP: 20/20
  9903 | D:7      | Found an ancient bone altar of Kikubaaqudgha.
  9906 | D:7      | Found a stormy altar of Qazlal.
  9909 | D:7      | Found a burning altar of Makhleb.
 10324 | D:7      | Found a staircase to the Ecumenical Temple.
 11157 | D:8      | Noticed a brown ugly thing
 11164 | D:8      | Killed a brown ugly thing
 11320 | D:8      | Paralysed by a hornet for 2 turns
 11512 | D:8      | Reached XP level 10. HP: 62/73 MP: 27/27
 11685 | D:8      | Noticed a two-headed ogre
 11693 | D:8      | Killed a two-headed ogre
 12417 | D:9      | Found Fizy's Food Boutique.
 12478 | D:9      | Found Barheha's Jewellery Emporium.
 12487 | D:9      | Reached skill level 1 in Conjurations
 12559 | D:9      | Bought an uncursed amulet of magic regeneration for 300
                  | gold pieces
 12731 | D:9      | Found Siresch's Antique Armour Shoppe.
 12935 | D:9      | Found Yrhovass's Antique Armour Shop.
 12940 | D:9      | Bought an ominously black robe for 131 gold pieces
 12940 | D:9      | Bought a glowing helmet for 172 gold pieces
 12950 | D:9      | Identified the cursed +0 robe "Vagysmak" {MR++ Int-4} (You
                  | bought it in a shop on level 9 of the Dungeon)
 13138 | D:10     | Entered Level 10 of the Dungeon
 13197 | D:10     | Found a staircase to the Lair.
 13270 | D:10     | Got a bloodstained robe
 13281 | D:10     | Identified the +0 robe of Cuakufopp {rN+ Str+4} (You found
                  | it on level 10 of the Dungeon)
 14027 | D:10     | Noticed a two-headed ogre
 14034 | D:10     | Killed a two-headed ogre
 14369 | D:11     | Reached skill level 11 in Earth Magic
 14677 | D:11     | Noticed a cyclops
 14682 | D:11     | Killed a cyclops
 14773 | D:11     | Found a staircase to the Orcish Mines.
 14777 | D:11     | Reached XP level 11. HP: 84/84 MP: 28/28
 14826 | D:11     | Noticed Erolcha
 14831 | D:11     | Killed Erolcha
 14948 | D:11     | Noticed a tengu reaver
 14951 | D:11     | Noticed a yaktaur captain
 14957 | D:11     | Killed a tengu reaver
 14957 | D:11     | Shot with a bolt by a yaktaur captain

Skill      XL: |  1  2  3  4  5  6  7  8  9 10 11 |
---------------+----------------------------------+-----
Stealth        | 2 4 |  4.7
Dodging        | 2 3 4 |  4.4
Spellcasting   | 2 5 9 |  9.0
Earth Magic    | 3 4 5 7 9 10 11 | 11.4
Fighting       | 1 2 4 |  4.5
Conjurations   | 2 3 |  3.4
Transmutations | |  0.8

Action                   |  1- 3 |  4- 6 |  7- 9 | 10-12 || total
-------------------------+-------+-------+-------+-------++-------
Melee: Unarmed           |    93 |       |       |       ||    93
       Spear             |   116 |   228 |       |       ||   344
       Club              |     3 |       |       |       ||     3
       Halberd           |       |    62 |    65 |       ||   127
       Flail             |       |       |   181 |       ||   181
       Staff             |       |       |   235 |   110 ||   345
       Quarterstaff      |       |       |    33 |       ||    33
Throw: Stone             |       |       |     1 |       ||     1
 Cast: Sandblast         |    11 |    46 |    21 |       ||    78
       Stone Arrow       |       |       |   100 |   147 ||   247
       Lee's Rapid Decon |       |       |       |     5 ||     5
  Use: Scroll            |       |     8 |     6 |     5 ||    19
       Potion            |       |     3 |       |       ||     3
 Stab: Sleeping          |     8 |    11 |     5 |     3 ||    27
       Paralysed         |       |     2 |       |       ||     2
       Distracted        |       |       |     1 |       ||     1
  Eat: Chunk             |     4 |     7 |    19 |    13 ||    43
       Ration            |       |     1 |     2 |       ||     3
Armor: Leather armour    |    66 |    98 |   265 |    31 ||   460
       Robe              |       |       |       |    24 ||    24
Dodge: Dodged            |   143 |   235 |   435 |   112 ||   925
